 Dungeon Crawl Stone Soup version 0.20.0-1-g1cb1d84 (webtiles) character file.

4713 Gorglomux the Basher (level 10, -14/86 HPs)
             Began as a Minotaur Arcane Marksman on May 26, 2017.
             Was a Follower of Makhleb.
             Demolished by a two-headed ogre
             ... wielding a +0 giant club
              (20 damage)
             ... on level 7 of the Dungeon.
             The game lasted 00:09:08 (10404 turns).

Gorglomux the Basher (Minotaur Arcane Marksman)    Turns: 10404, Time: 00:09:09

Health: -14/86     AC: 13    Str: 14    XL:     10   Next: 22%
Magic:  10/10      EV:  7    Int: 10    God:    Makhleb [*.....]
Gold:   29         SH:  0    Dex: 15    Spells: 10/11 levels left

rFire    . . .     SeeInvis .   V - +5 battleaxe (freeze) (curse)
rCold    . . .     Gourm    .   (shield currently unavailable)
rNeg     . . .     Faith    .   A - +0 plate armour
rPois    .         Spirit   .   (helmet restricted)
rElec    .         Reflect  .   (no cloak)
rCorr    .         Harm     .   (no gloves)
MR       .....                  (no boots)
Stlth    ..........             (no amulet)
Regen    0.3/turn               (no ring)
MPRegen  0.2/turn               (no ring)

@: no status effects
A: retaliatory headbutt, horns 2
a: Renounce Religion


You were on level 7 of the Dungeon.
You worshipped Makhleb.
Makhleb was aware of your devotion.
You were very hungry.

You visited 1 branch of the dungeon, and saw 7 of its levels.

You collected 276 gold pieces.
You spent 247 gold pieces at shops.

Inventory:

Hand Weapons
 D - a +0 war axe
 H - a +0 hand axe
 O - a +0 whip
 V - a cursed +5 battleaxe of freezing (weapon)
Missiles
 c - 11 javelins (quivered)
 G - 4 tomahawks
Armour
 a - a +0 robe
 A - a +0 plate armour (worn)
 K - a +0 chain mail
Jewellery
 P - an uncursed amulet of magic regeneration {unknown}
Wands
 S - a wand of scattershot (6/9)
Scrolls
 C - a scroll of enchant armour {unknown}
 F - 2 scrolls of recharging
 I - 4 scrolls of blinking {unknown}
 R - 2 scrolls of identify
 Y - 3 scrolls of remove curse {unknown}
 Z - a scroll of random uselessness {unknown}
Potions
 E - a potion of resistance
 J - a potion of brilliance
 L - 3 potions of heal wounds
 N - 2 potions of might
 Q - 5 potions of curing
 T - a potion of lignification
 U - a potion of ambrosia
 W - a potion of mutation {!q}
 X - 3 potions of flight
Comestibles
 f - 7 bread rations
 z - 2 meat rations
 B - 3 fruits
 M - 6 royal jellies


   Skills:
 + Level 7.5 Fighting
 + Level 11.8 Maces & Flails
 - Level 2.0 Throwing
 + Level 7.5 Armour
 + Level 7.4 Dodging
 - Level 1.0 Spellcasting
 - Level 2.0 Hexes


You had 10 spell levels left.
You knew the following spells:

 Your Spells              Type           Power        Failure   Level  Hunger
a - Corona                Hex            #......      100%        1    ##.....


Dungeon Overview and Level Annotations

Branches:
Dungeon (7/15)             Temple (0/1) D:6

Altars:
Cheibriados
Gozag
Kikubaaqudgha
Makhleb
Okawaru
Vehumet
Xom
Yredelemnul
The Shining One

Shops:
D:4 !   D:7 *


Innate Abilities, Weirdness & Mutations

You reflexively headbutt those who attack you in melee.
You have a pair of horns on your head.


Message History

The two-headed ogre hits you with a giant club!
Things that are here:
an uncursed shortbow; 11 arrows; an orc corpse You butcher the orc corpse.
Unknown command.
Eat a chunk of flesh? (ye/n/q)
You eat the chunk of flesh.
This raw flesh tastes terrible.
You are feeling very hungry.
The two-headed ogre hits you with a giant club!
* * * LOW HITPOINT WARNING * * *
The two-headed ogre hits you but does no damage.
Your plate armour prevents you from hitting the two-headed ogre.
Your headbutt misses the two-headed ogre.
The two-headed ogre hits you but does no damage.
The two-headed ogre hits you with a giant club!
* * * LOW HITPOINT WARNING * * *
You slash the two-headed ogre! You freeze the two-headed ogre.
The two-headed ogre is moderately wounded.
The two-headed ogre hits you with a giant club!!
You die...

##.......#.# #...#.......##.#.##
...........# #..##(#.#.#.####.#.
##.######### #..#.#.#.#.#.##.##.
##.# #)##.........##.#.. ##.#
##.#'#'#######+#'#.. ##.#
###..#.##..#...#..##.. ...#
###...##.##...#.#...#..#
##########.....#.#.##.#...#.##..#
...p...)...##.##@#.##..#.#..#...#
#########.##..#O###.###...###....
#..#.##h#o#.##.#.#.#..(..
##...#S##Z##.##...##.....
#..##.#(.[#.###.##......
##.#.###.###.##.##...##.
#.#.........##.#...###.
#.##############..## #.
#............p....# #.


You could see a two-headed ogre, a hound, an adder, an orc and a centaur
skeleton.

Vanquished Creatures
  Pikel (D:7)
  3 hogs (D:7)
  A human (D:7)
  2 yaks (D:7)
  A hungry ghost (D:7)
  Menkaure (D:7)
  A sky beast (D:6)
  An orc warrior (D:6)
  4 ogres
  9 centaurs
  Blork the orc (D:5)
  2 bullfrogs (D:6)
  4 scorpions
  11 killer bees (D:7)
  5 wights
  3 crimson imps
  A bullfrog zombie (D:5)
  5 hounds
  2 orc wizards
  2 orc priests
  A jelly (D:5)
  An iguana (D:5)
  3 worker ants
  A hound skeleton (D:4)
  A worker ant zombie (D:6)
  3 gnolls (D:5)
  12 adders
  5 shadow imps
  An ooze (D:5)
  5 worms
  A dart slug (D:1)
  5 leopard geckos
  13 orcs
  5 ball pythons
  9 bats
  4 giant cockroaches
  10 hobgoblins
  14 jackals
  7 kobolds
  3 quokkas
  11 frilled lizards
  6 goblins
  23 rats
204 creatures vanquished.

Vanquished Creatures (others)
  A quokka (D:7)
  A plant (D:5)
2 creatures vanquished.

Grand Total: 206 creatures vanquished

Notes
Turn   | Place    | Note
-------+----------+-------------------------------------------
     0 | D:1      | Gorglomux the Minotaur Arcane Marksman began the quest for the Orb.
     0 | D:1      | Reached XP level 1. HP: 16/16 MP: 1/1
   481 | D:1      | Reached skill level 1 in Armour
   516 | D:1      | Reached XP level 2. HP: 19/23 MP: 2/2
  1321 | D:1      | Reached XP level 3. HP: 19/29 MP: 3/3
  1427 | D:1      | Reached skill level 3 in Dodging
  2318 | D:3      | Reached XP level 4. HP: 21/37 MP: 4/4
  3069 | D:3      | Reached skill level 3 in Fighting
  3069 | D:3      | Reached skill level 3 in Armour
  3069 | D:3      | Reached XP level 5. HP: 24/45 MP: 5/5
  3962 | D:4      | Found Qaemayn's Distillery.
  3967 | D:4      | Bought a potion of heal wounds for 55 gold pieces
  3967 | D:4      | Bought a potion of curing for 33 gold pieces
  3967 | D:4      | Bought a potion of flight for 33 gold pieces
  4157 | D:4      | Noticed an ogre
  4411 | D:4      | Killed an ogre
  4411 | D:4      | Reached XP level 6. HP: 25/52 MP: 6/6
  4589 | D:4      | Found a basalt altar of Yredelemnul.
  5184 | D:4      | Reached XP level 7. HP: 19/60 MP: 7/7
  5593 | D:4      | Reached skill level 1 in Maces & Flails
  5649 | D:5      | Entered Level 5 of the Dungeon
  5649 | D:5      | Noticed Blork the orc
  5975 | D:5      | Reached skill level 2 in Maces & Flails
  6004 | D:5      | Killed Blork the orc
  6004 | D:5      | Reached skill level 3 in Maces & Flails
  6424 | D:5      | Reached skill level 4 in Maces & Flails
  6429 | D:5      | Reached skill level 5 in Maces & Flails
  6874 | D:5      | Found a glowing golden altar of the Shining One.
  7008 | D:5      | Reached XP level 8. HP: 51/68 MP: 8/8
  7329 | D:5      | Reached skill level 6 in Maces & Flails
  7425 | D:5      | Found an opulent altar of Gozag.
  7668 | D:6      | Found an ancient bone altar of Kikubaaqudgha.
  7668 | D:6      | Found a burning altar of Makhleb.
  7673 | D:6      | Found a snail-covered altar of Cheibriados.
  7675 | D:6      | Found a faded altar of an unknown god.
  7677 | D:6      | Found an iron altar of Okawaru.
  7712 | D:6      | Reached skill level 7 in Maces & Flails
  7969 | D:6      | Reached skill level 8 in Maces & Flails
  8221 | D:6      | Became a worshipper of Makhleb the Destroyer
  8235 | D:6      | Found a staircase to the Ecumenical Temple.
  8242 | D:6      | Reached skill level 9 in Maces & Flails
  8386 | D:6      | Found a radiant altar of Vehumet.
  8447 | D:6      | Reached skill level 10 in Maces & Flails
  8459 | D:6      | Reached XP level 9. HP: 44/74 MP: 9/9
  8689 | D:6      | Found a shimmering altar of Xom.
  9110 | D:7      | Reached * piety under Makhleb
  9110 | D:7      | Reached skill level 11 in Maces & Flails
  9400 | D:7      | Found Kowues's General Store.
  9417 | D:7      | Bought a potion of might for 56 gold pieces
  9417 | D:7      | Bought a potion of heal wounds for 70 gold pieces
  9469 | D:7      | Noticed Pikel
  9480 | D:7      | Killed Pikel
  9480 | D:7      | Reached skill level 6 in Fighting
  9480 | D:7      | Reached skill level 6 in Armour
  9480 | D:7      | Reached skill level 6 in Dodging
  9574 | D:7      | Noticed Menkaure
  9580 | D:7      | Killed Menkaure
 10119 | D:7      | Reached XP level 10. HP: 34/86 MP: 10/10
 10386 | D:7      | Noticed a two-headed ogre
 10404 | D:7      | Demolished by a two-headed ogre

Skill      XL: |  1  2  3  4  5  6  7  8  9 |
---------------+----------------------------+-----
Armour         | 1 2 3 4 5 7 |  7.5
Fighting       | 2 3 4 5 7 |  7.5
Dodging        | 3 4 5 7 |  7.4
Maces & Flails | 5 10 11 | 11.8
Throwing       | |  2.0
Spellcasting   | |  1.0
Hexes          | |  2.0

Action                   |  1- 3 |  4- 6 |  7- 9 | 10-12 || total
-------------------------+-------+-------+-------+-------++-------
Melee: Unarmed           |   137 |       |       |       ||   137
       Headbutt          |    26 |    32 |    48 |     3 ||   109
       Whip              |    54 |   269 |    31 |       ||   354
       War axe           |       |       |   103 |       ||   103
       Hand axe          |       |       |    30 |       ||    30
       Battleaxe         |       |       |   112 |    31 ||   143
Throw: Javelin           |     9 |    12 |       |       ||    21
       Throwing net      |     2 |     1 |       |       ||     3
       Tomahawk          |       |     3 |       |       ||     3
  Use: Potion            |       |     3 |     1 |       ||     4
       Scroll            |       |       |     7 |       ||     7
  Eat: Chunk             |     5 |     8 |    11 |     3 ||    27
       Meat ration       |       |       |     1 |       ||     1
Armor: Robe              |    22 |       |       |       ||    22
       Chain mail        |    65 |   199 |   132 |       ||   396
       Plate armour      |       |       |    64 |    23 ||    87
Dodge: Dodged            |   129 |   136 |   144 |    23 ||   432
